 Dungeon Crawl Stone Soup version 0.31-a0-841-g038b102fc3 (webtiles) character file.

Game seed: 8547763771384099513

144 Shayle the Trooper (level 5, -9/41 HPs)
             Began as a Demonspawn Reaver on Sept 27, 2023.
             Killed from afar by a steam dragon (14 damage)
             ... with a ball of steam
             ... on level 4 of the Dungeon.
             The game lasted 00:03:10 (2132 turns).

Shayle the Trooper (Demonspawn Reaver)              Turns: 2132, Time: 00:03:13

Health: -9/41      AC:  5    Str: 13    XL:     5   Next: 5%
Magic:  9/9        EV: 10    Int: 16    God:
Gold:   178        SH:  0    Dex: 11    Spells: 8/9 levels left

rFire   . . .        d - +2 spear (heavy)
rCold   . . .        (no shield)
rNeg    . . .        j - +0 ring mail
rPois   .            (no helmet)
rElec   .            (no cloak)
rCorr   .            (no gloves)
SInv    +            (no boots)
Will    .....        (no amulet) Stlth
                     c - +4 ring of slaying
HPRegen 0.26/turn    g - ring of see invisible
MPRegen 0.11/turn

%: no passive effects
@: confused, ambrosia-drunk
A: spiny 1
a: no special abilities


You were on level 4 of the Dungeon.
You visited 1 branch of the dungeon, and saw 4 of its levels.

You collected 178 gold pieces.

Inventory:

Hand Weapons
 d - a +2 heavy spear (weapon)
Missiles
 o - 2 throwing nets
Armour
 b - a +0 leather armour
 j - a +0 ring mail (worn)
Jewellery
 c - a +4 ring of slaying (left hand)
 g - a ring of see invisible (right hand)
Scrolls
 a - a scroll of noise {unknown}
 e - a scroll of fear {unknown}
 f - a scroll of vulnerability {unknown}
 h - a scroll of revelation {unknown}
 k - 6 scrolls of identify {unknown}
 l - 2 scrolls of amnesia {unknown}
 m - 2 scrolls of silence {unknown}
 p - a scroll of torment {unknown}
Potions
 i - a potion of brilliance {unknown}
 q - a potion of enlightenment {unknown}


   Skills:
 + Level 3.1 Fighting
 - Level 2.6 Polearms
 + Level 1.9 Armour
 - Level 1.7 Dodging
 + Level 2.9 Spellcasting
 - Level 3.0 Conjurations
 + Level 2.3 Necromancy


You had 8 spell levels left.
You knew the following spells:

 Your Spells              Type           Power      Damage    Failure   Level
a - Kiss of Death         Conj/Necr      40%        2d8       14%         1

Your spell library contained the following spells:

 Spells                   Type           Power      Damage    Failure   Level
 Necrotise                Necr           36%        1d5       16%         1
 Momentum Strike          Conj/Tloc      14%        3d8       32%         2
 Apportation              Tloc           4%         N/A       38%         1
 Summon Small Mammal      Summ           8%         N/A       38%         1
 Hailstorm                Conj/Ice       7%         3d4       54%         3


Dungeon Overview and Level Annotations

Branches:
Dungeon (4/15)             Temple (0/1) D:4

Altars:
Makhleb


Innate Abilities, Weirdness & Mutations

You are partially covered in sharp spines.


Message History

No target in view!
l - 2 scrolls labelled BELAETROIDGH (gained 1)
Found a cloak.
No target in view!
Okay, then.
An endoplasm comes into view.
An orc comes into view. It is wielding a +0 flail.
The orc shouts!
The endoplasm quivers.
An orc comes into view. It is wielding a +0 trident.
The orc shouts!
You hear a shout!
A goblin comes into view. It is wielding a +0 club.
The orc misses you. The orc attacks as it pursues you!
The orc hits you from afar with a +0 trident.
A steam dragon comes into view.
The steam dragon hisses angrily.
The steam dragon breathes steam at you. The ball of steam hits you!
You hear a shout!
You are engulfed in a cloud of scalding steam.
The orc closely misses you.
Unknown command.
You puncture the steam dragon!
The steam dragon is moderately wounded.
You are engulfed in a cloud of scalding steam.
* * * LOW HITPOINT WARNING * * *
The orc hits you from afar with a +0 trident!
* * * LOW HITPOINT WARNING * * *
The steam dragon is struck by your spines.
The steam dragon barely misses you. x2
You aren't carrying any items that you can evoke.
It was a potion of ambrosia.
You are confused.
You feel invigorated.
The orc hits you from afar with a +0 trident.
* * * LOW HITPOINT WARNING * * *
The steam dragon breathes steam at you. The ball of steam hits you!
You die...

###########
#.........# ###
#.........# ..
#.........# #.#
##.........## ..
#...........# #ยง
#.#.#.#.#.#.#
#D####...........##
#.@.oJo#.......#..#
######g............
#.#...>...#...
#o..........#. #
###J#.......#..# #.#
#..o............
#...#.#.#.#.#.#.#..#
..#.................
..........#.........


You could see a steam dragon (catching breath), 2 orcs, an endoplasm and a
goblin.

Vanquished Creatures
  6 adders
  A worm (D:3)
  3 dart slugs
  5 endoplasms
  3 giant cockroaches
  11 hobgoblins
  6 jackals (D:1)
  5 quokkas
  7 ball pythons
  6 bats
  3 frilled lizards
  9 goblins
  4 kobolds
  4 rats
73 creatures vanquished.

Notes
Turn   | Place    | Note
-------+----------+-------------------------------------------
     0 | D:1      | Shayle the Demonspawn Reaver began the quest for the Orb.
     0 | D:1      | Reached XP level 1. HP: 16/16 MP: 3/3
   186 | D:1      | Gained mutation: You are partially covered in sharp spines.
                  | [demonic ancestry]
   186 | D:1      | Reached XP level 2. HP: 22/22 MP: 5/5
   274 | D:1      | Reached skill level 1 in Necromancy
   333 | D:1      | Reached skill level 1 in Armour
   493 | D:1      | Reached XP level 3. HP: 26/28 MP: 6/6
   953 | D:2      | Reached XP level 4. HP: 26/34 MP: 7/7
  1695 | D:3      | Found a burning altar of Makhleb.
  1975 | D:3      | Reached XP level 5. HP: 41/41 MP: 9/9
  2090 | D:4      | Found a staircase to the Ecumenical Temple.
  2129 | D:4      | Noticed a steam dragon
  2132 | D:4      | Killed from afar by a steam dragon

Illustrated notes

Levels and vault maps discovered:
D:1:      lemuel_arrival_lava_pool, layout_basic, st_stairs_10,
          minmay_pentomino_u2
D:2:      layout_basic, minmay_splitting_lines, supply_closet_lemuel
D:3:      layout_rooms, mainiacjoe_overflow_paths
D:4:      layout_rooms, minmay_temple_entry_glass

Skill      XL: |  1  2  3  4 |
---------------+-------------+-----
Necromancy     | 1 2 |  2.3
Armour         | 1 |  1.9
Fighting       | 3 |  3.1
Polearms       | |  2.6
Dodging        | |  1.7
Spellcasting   | |  2.9
Conjurations   | |  3.0

Action                     |  1- 3 |  4- 6 || total
---------------------------+-------+-------++-------
  Melee: Spear             |    79 |    47 ||   126
         Punch             |     1 |       ||     1
    Use: Potion            |       |     1 ||     1
 Armour: Leather armour    |    41 |     4 ||    45
         Ring mail         |       |    24 ||    24
  Dodge: Dodged            |    44 |    22 ||    66

Table legend: (Time is in decaauts)
 A = Elapsed time spent in this place.
 B = Non-inter-level travel time spent in this place.
 C = Inter-level travel time spent in this place.
 D = Time resting spent in this place.
 E = Time spent auto-exploring this place.
 F = Levels seen in this place.
 G = Mean time per level.
                   A        B        C        D        E       F      G
               +--------+--------+--------+--------+--------+-----+--------+
         Total |   2188 |   2080 |    108 |      0 |   1591 |   4 |  547.0 |
       Dungeon |   2188 |   2080 |    108 |      0 |   1591 |   4 |  547.0 |
               +--------+--------+--------+--------+--------+-----+--------+

Top non-repeatable levels by time:
     D:2: 868 daAuts
     D:1: 797 daAuts
     D:3: 398 daAuts
     D:4: 124 daAuts
